 Dungeon Crawl Stone Soup version 0.27.1-4-g1640c2035a (webtiles) character file.

Game seed: 11838131345003099180

0 coldcut the Stinger (level 1, -1/13 HPs)
             Began as a Merfolk Venom Mage on Nov 3, 2021.
             Slain by a kobold (4 damage)
             ... on level 1 of the Dungeon.
             The game lasted 00:00:57 (80 turns).

coldcut the Stinger (Merfolk Venom Mage)              Turns: 80, Time: 00:00:58

Health: -1/13      AC:  2    Str:  8    XL:     1   Next: 10%
Magic:  3/3        EV: 12    Int: 14    God:
Gold:   12         SH:  0    Dex: 14    Spells: 3/4 levels left

rFire    . . .     SeeInvis .   (no weapon)
rCold    . . .     Faith    .   (no shield)
rNeg     . . .     Spirit   .   a - +0 robe
rPois    .         Reflect  .   (no helmet)
rElec    .         Harm     .   (no cloak)
rCorr    .         Rampage  .   (no gloves)
Will     .....                  (no boots)
Stlth    ++........             (no amulet)
HPRegen  0.04/turn              (no ring)
MPRegen  0.08/turn              (no ring)

@: no status effects
A: (nimble swimmer 2), mertail
a: no special abilities


You were on level 1 of the Dungeon.
You visited 1 branch of the dungeon, and saw 1 of its levels.

You collected 12 gold pieces.

Inventory:

Armour
 a - a +0 robe (worn)


   Skills:
 + Level 2.6 Dodging
 + Level 2.1 Stealth
 + Level 2.0 Spellcasting
 + Level 1.3 Transmutations
 + Level 3.3 Poison Magic


You had 3 spell levels left.
You knew the following spells:

 Your Spells              Type           Power      Damage    Failure   Level
a - Sting                 Tmut/Pois      28%        1d4       9%          1

Your spell library contained the following spells:

 Spells                   Type           Power      Damage    Failure   Level
 Poisonous Vapours        Pois/Air       12%        N/A       19%         2
 Mephitic Cloud           Conj/Pois/Air  4%         N/A       41%         3
 Olgreb's Toxic Radiance  Pois           10%        N/A       52%         4


Dungeon Overview and Level Annotations

Branches:
Dungeon (1/15)

Altars:


Innate Abilities, Weirdness & Mutations

((You are quick and stealthy near water. (Stealth+, EV+, Speed+++)))
Your lower body shifts to a powerful aquatic tail in water.


Message History

The giant cockroach barely misses you. The giant cockroach closely misses you.
You closely miss the giant cockroach.
The giant cockroach is heavily wounded.
The giant cockroach barely misses you.
You hit the giant cockroach but do no damage.
The giant cockroach is heavily wounded.
The giant cockroach barely misses you.
You hit the giant cockroach but do no damage.
The giant cockroach is heavily wounded.
The giant cockroach barely misses you.
A giant cockroach is nearby!
A giant cockroach is nearby!
A giant cockroach is nearby!
The giant cockroach bites you.
Found 3 gold pieces.
The giant cockroach bites you but does no damage.
A kobold comes into view. It is wielding a +0 whip.
The kobold shouts!
The giant cockroach bites you.
You barely miss the kobold. The giant cockroach barely misses you.
The kobold closely misses you.
You barely miss the kobold. The giant cockroach closely misses you.
The kobold hits you with a +0 whip.
You hit the kobold.
The kobold is moderately wounded.
The giant cockroach closely misses you. The kobold barely misses you.
You hit the kobold but do no damage.
The kobold is moderately wounded.
The giant cockroach bites you but does no damage.
The kobold hits you with a +0 whip.
You closely miss the kobold.
The kobold is moderately wounded.
The giant cockroach barely misses you. The kobold closely misses you.
The giant cockroach barely misses you.
You barely miss the kobold.
The kobold is moderately wounded.
The giant cockroach bites you.
* * * LOW HITPOINT WARNING * * *
The kobold hits you with a +0 whip.
You die...

#.)
#.########.#
#..###.#####
.#
#..$.......#
.#
##.###.###.#
.# #. #.# ..
#.# #.# ##.
#B###.....
#.@.......
#...K......
#.#........
............
#+#+#+#+#....
.... ... #.


You could see a giant cockroach and a kobold.

Vanquished Creatures
  A kobold (D:1)
1 creature vanquished.

Notes
Turn   | Place    | Note
-------+----------+-------------------------------------------
     0 | D:1      | coldcut the Merfolk Venom Mage began the quest for the Orb.
     0 | D:1      | Reached XP level 1. HP: 13/13 MP: 3/3
    80 | D:1      | Slain by a kobold

Illustrated notes

Levels and vault maps discovered:
D:1:      roderic_dead_forest, layout_loops_ring, basic_ecumenical_altar,
          chequers_avenue, st_stairs_9, minmay_rat_gold_closets

Action                   || total
-------------------------++-------
Melee: Unarmed           ||    15
 Cast: Sting             ||     2
Armor: Robe              ||     3
Dodge: Dodged            ||    18
